 Dungeon Crawl Stone Soup version 0.23-a0-704-g7fdf9c5 (webtiles) character file.

27 nikopol the Firebug (level 2, -2/15 HPs)
             Began as a Deep Elf Fire Elementalist on Jan 14, 2019.
             Slain by a worm (11 damage)
             ... on level 2 of the Dungeon.
             The game lasted 00:02:40 (1213 turns).

nikopol the Firebug (Deep Elf Fire Elementalist)    Turns: 1213, Time: 00:02:41

Health: -2/15      AC:  2    Str:  5    XL:     2   Next: 93%
Magic:  0/8        EV: 13    Int: 19    God:
Gold:   85         SH:  0    Dex: 15    Spells: 7/8 levels left

rFire    . . .     SeeInvis .   k - +0 dagger (elec)
rCold    . . .     Gourm    .   (no shield)
rNeg     . . .     Faith    .   a - +0 robe
rPois    .         Spirit   .   (no helmet)
rElec    .         Reflect  .   (no cloak)
rCorr    .         Harm     .   (no gloves)
MR       .....                  (no boots)
Stlth    ++........             (no amulet)
HPRegen  0.05/turn              (no ring)
MPRegen  0.11/turn              (no ring)

@: no status effects
A: no striking features
a: no special abilities


You were on level 2 of the Dungeon.
You were not hungry.

You visited 1 branch of the dungeon, and saw 2 of its levels.

You collected 85 gold pieces.

Inventory:

Hand Weapons
 k - a +0 dagger of electrocution (weapon)
Armour
 a - a +0 robe (worn)
Jewellery
 g - an uncursed ring of protection from magic {unknown}
Scrolls
 b - a scroll of enchant armour {unknown}
 h - 2 scrolls of identify {unknown}
 i - 3 scrolls of teleportation {unknown}
 j - 3 scrolls of remove curse {unknown}
 l - a scroll of enchant weapon {unknown}
Potions
 d - a potion of haste {unknown}
 e - a potion of curing {unknown}
 f - a potion of ambrosia {unknown}
 m - a potion of might {unknown}
Comestibles
 c - 2 rations
 n - 5 chunks of flesh


   Skills:
 + Level 2.4 Dodging
 + Level 2.7 Stealth
 + Level 3.5 Spellcasting
 + Level 1.4 Conjurations
 + Level 4.0 Fire Magic


You had 7 spell levels left.
You knew the following spells:

 Your Spells              Type           Power        Failure   Level  Hunger
a - Flame Tongue          Conj/Fire      ##...        4%          1    None

Your spell library contained the following spells:

 Spells                   Type           Power        Failure   Level  Hunger
 Throw Flame              Conj/Fire      ##....       7%          2    ##.....
 Conjure Flame            Conj/Fire      ##......     14%         3    ###....
 Inner Flame              Hex/Fire       ##......     19%         3    ###....
 Sticky Flame             Conj/Fire      ##......     43%         4    ####...
 Fireball                 Conj/Fire      ##........   78%         5    ######.


Dungeon Overview and Level Annotations

Branches:
Dungeon (2/15)

Altars:


Message History

Casting: Flame Tongue (safe; 4% risk of failure)
Confirm with . or Enter, or press ? or * to list all spells.
Aiming: Flame Tongue (safe; 4% risk of failure)
Press: ? - help, Shift-Dir - straight line, f/p - worm
Aim: a worm (severely wounded)
The flame tongue hits the worm.
The worm is almost dead.
Casting: Flame Tongue (safe; 4% risk of failure)
Confirm with . or Enter, or press ? or * to list all spells.
Aiming: Flame Tongue (safe; 4% risk of failure)
Press: ? - help, Shift-Dir - straight line, f/p - worm
Aim: a worm (severely wounded)
The flame tongue hits the worm.
The worm is almost dead.
You hit the worm but do no damage.
The worm is almost dead.
The worm bites you. The worm bites you!
Ouch! That really hurt!
You die...

.####.##.#
.........####.#
#.......#
#.####### #.#
#.# #.# # #w#
#. .# #@### ..
#.# #...# ##
#.# ###.# #.#
#.# #.# #.# #.#
#.# #######.##
#.# .........#
#.# #######..#
#.#


You could see a worm.

Vanquished Creatures
  A leopard gecko (D:1)
  2 bats
  4 goblins
  2 hobgoblins (D:1)
  4 jackals (D:1)
  4 kobolds
  2 ball pythons (D:1)
  2 frilled lizards (D:1)
  3 rats (D:1)
24 creatures vanquished.

Notes
Turn   | Place    | Note
-------+----------+-------------------------------------------
     0 | D:1      | nikopol the Deep Elf Fire Elementalist began the quest for
                  | the Orb.
     0 | D:1      | Reached XP level 1. HP: 10/10 MP: 6/6
   371 | D:1      | Reached XP level 2. HP: 15/15 MP: 6/8
   976 | D:2      | Reached skill level 4 in Fire Magic
  1213 | D:2      | Slain by a worm

Vault maps used:
D:1:      dpeg_arrival_three_same_balls, st_stairs_14, minmay_misc_feat_iff,
          minivault_4, minmay_indecisive_spiral
D:2:      ashenzari_altar_1

Skill      XL: |  1  2 |
---------------+-------+-----
Fire Magic     | 4 |  4.0
Dodging        | |  2.4
Stealth        | |  2.7
Spellcasting   | |  3.5
Conjurations   | |  1.4

Action                   || total
-------------------------++-------
Melee: Dagger            ||     1
 Cast: Flame Tongue      ||    50
  Eat: Chunk             ||     1
Armor: Robe              ||     2
Dodge: Dodged            ||     6

Table legend:
 A = Non-vault XP
 B = Vault XP
 C = Vault XP percentage of total XP
 D = Non-vault monster count
 E = Vault monster count
 F = Vault count percentage of total count
                 A         B        C        D         E       F
            +---------+---------+-------+---------+---------+-------
      Total |      33 |       6 |  15.4 |      19 |       5 |  20.8
            +---------+---------+-------+---------+---------+-------
        D:1 |      26 |       6 |  18.8 |      15 |       5 |  25.0
        D:2 |       7 |       0 |   0.0 |       4 |       0 |   0.0
            +---------+---------+-------+---------+---------+-------
